 Dungeon Crawl Stone Soup version 0.29.0-4-gdea44cf6ec (webtiles) character file.

Game seed: 15518099392981407363

91775 qw the Brawler (level 15, -10/154 (160) HPs)
             Began as a Troll Cinder Acolyte on Aug 30, 2022.
             Was an Elder of Okawaru.
             Mangled by an orc warrior
             ... wielding a +0 trident
             ... led by an orc warlord
              (15 damage)
             ... on level 2 of the Orcish Mines.
             The game lasted 00:11:17 (20920 turns).

qw the Brawler (Troll Cinder Acolyte)              Turns: 20920, Time: 00:11:17

HP:   -10/154 (160) AC: 20    Str: 36    XL:     15   Next: 56%
MP:   21/21         EV:  7    Int:  9    God:    Okawaru [****..]
Gold: 2988          SH: 24    Dex:  4    Spells: 16/16 levels left

rFire   + + .      SeeInvis .     - Unarmed
rCold   x . .      Faith    .   A - +4 tower shield "Poteov Pola" {Rampage}
rNeg    . . .      Spirit   .   y - +1 fire dragon scales
rPois   +          Reflect  +   (helmet restricted)
rElec   .          Harm     .   k - +2 cloak
rCorr   .          Rampage  +   (gloves unavailable)
Will    +....                   (boots unavailable)
Stlth   +.........              c - amulet of reflection
HPRegen 1.15/turn               o - ring of poison resistance
MPRegen 0.17/turn               v - +4 ring of protection

@: about to teleport, heroic, lightly drained
A: large, unfitting armour, claws 3, regeneration 1, shaggy fur 1, tough skin 1,
robust 1, strong 1
a: Renounce Religion, Heroism, Finesse


You were on level 2 of the Orcish Mines.
You worshipped Okawaru.
Okawaru was greatly pleased with you.
You visited 3 branches of the dungeon, and saw 22 of its levels.
You also visited: Sewer.

You collected 2988 gold pieces.


Innate Abilities, Weirdness & Mutations

You are too large for most types of armour.
You have claws for hands.
Your natural rate of healing is unusually fast.
You are covered in fur. (AC +1)
You have tough skin. (AC +1)
You are robust. (+10% HP)
Your muscles are strong. (Str +4, Int/Dex -1)


   Skills:
 - Level 9.0(14.0) Fighting
 - Level 8.0(13.0) Throwing
 - Level 2.0(7.0) Armour
 - Level 2.0(7.0) Dodging
 + Level 9.5(14.5) Shields
 - Level 19.8(24.8) Unarmed Combat
 - Level 1.0 Spellcasting
 - Level 2.1 Fire Magic
 - Level 10.0 Invocations


You had 16 spell levels left.
You didn't know any spells.
Your spell library contained the following spells:

 Spells                   Type           Power      Damage    Failure   Level
 Scorch                   Fire           8%         2d5       77%         2

Inventory:

Missiles
 b - 4 silver javelins
 g - 3 boomerangs
 i - 22 large rocks (quivered)
 t - 5 javelins
 z - 2 silver boomerangs
Armour
 f - a +2 robe of cold resistance
 k - a +2 cloak (worn)
 y - +1 fire dragon scales (worn)
 A - the +4 tower shield "Poteov Pola" (worn) {Rampage}
   (Okawaru gifted it to you on level 14 of the Dungeon)

   Rampage:   It bestows one free step when moving towards enemies.
Jewellery
 a - a ring of willpower
 c - an amulet of reflection (around neck)
 e - a ring of resist corrosion
 m - a ring of positive energy
 o - a ring of poison resistance (left claw)
 r - a ring of see invisible
 s - a ring of protection from cold
 v - a +4 ring of protection (right claw)
Scrolls
 h - 14 scrolls of identify
 j - 3 scrolls of teleportation
 u - 2 scrolls of brand weapon
 x - 5 scrolls of enchant weapon
Potions
 d - a potion of haste
 l - 9 potions of curing
 n - 5 potions of mutation
 p - 2 potions of might
 w - a potion of heal wounds

Dungeon Overview and Level Annotations

Branches:
Dungeon (15/15)            Temple (0/1) D:4            Lair (5/5) D:11
  Swamp (0/4) Lair:2       Spider (0/4) Lair:2        Slime (0/5) Lair:4
    Orc (2/2) D:10         Vaults (0/5) D:14         Depths (0/4) D:15
  Sewer (visited)
    Elf: Orc:2

Altars:
Cheibriados
Dithmenos
Elyvilon
Makhleb
Nemelex Xobeh
Okawaru
Qazlal
Xom
Zin
The Shining One

Shops:
D:9 [   D:12 (

Annotations:
D:3 2 transporters, qw's ghost, amateur TeWr
D:15 1 runed translucent door
Lair:2 3 runed translucent doors, qw's ghost, journeyman TrCA


Message History

You scratch the orc warlord.
The orc warlord is moderately wounded.
You barely miss the orc warlord.
The orc warlord is moderately wounded.
You block the orc's attack. The orc hits you with a +0 short sword!
You block the orc warrior's attack. The orc closely misses you.
The orc hits you but does no damage.
The orc warrior hits you with a +0 war axe!
The orc warlord hits you but does no damage.
You scratch the orc warlord but do no damage.
The orc warlord is moderately wounded.
You block the orc's attack.
The orc complains loudly, as Orcs often do.
The orc barely misses you. You block the orc warrior's attack.
The orc barely misses you. You block the orc's attack.
The orc warrior barely misses you.
The orc warlord hits you with a +2 vorpal great sword!!
You closely miss the orc warlord.
The orc warlord is moderately wounded.
You eviscerate the orc warlord!!!
The orc warlord is severely wounded.
The orc warrior no longer looks unusually strong.
The orc no longer looks unusually strong.
You block the orc's attack. x4
The orc warrior hits you with a +0 war axe!
The orc warlord barely misses you. The orc warrior closely misses you.
You mangle the orc warlord!!
The orc warlord is almost dead.
You block the orc's attack. The orc hits you but does no damage.
The orc warrior hits you but does no damage.
You block the orc's attack. x2
The orc warrior hits you with a +0 war axe.
The orc warlord hits you with a +2 vorpal great sword!!
20920 ||| READING 4 scrolls of teleportation.
As you read the scroll of teleportation, it crumbles to dust.
You feel strangely unstable.
You block the orc's attack. x4; You block the orc warrior's attack.
The orc warlord hits you with a +2 vorpal great sword!
The orc warrior hits you from afar with a +0 trident!
You die...

#......#....##
##...........
...........#
##.........#
..........## #
#..........#.###
...o...o........
.......#ooo..#..
......##@oo.....
..#### ##oo.....
. T......
#.##.#. ## ##


You could see an orc warlord, a troll, 2 orc warriors and 5 orcs.

Vanquished Creatures
  Rupert (D:15)
  Azrael (D:14)
  2 fire dragons
  An ice dragon (D:15)
  6 boulder beetles
  Erolcha (D:10)
  15 hydras
  2 catoblepae
  Erica (D:9)
  3 centaur warriors
  An anaconda (Lair:3)
  3 two-headed ogres
  An alligator (Lair:3)
  6 death yaks (Lair:5)
  A deep troll shaman (Lair:5)
  3 tengu warriors
  2 fire crabs
  4 skeletal warriors (D:14)
  Pikel (D:5)
  An orc knight (D:15)
  2 deep elf pyromancers
  2 lindwurms (Lair:5)
  5 manticores
  3 orc sorcerers
  6 cyclopes
  20 ugly things
  A salamander (shapeshifter) (D:15)
  12 elephants
  A black mamba (Lair:3)
  7 cane toads
  3 gargoyles
  2 torpor snails (Lair:3)
  3 rime drakes
  Psyche (D:10)
  10 komodo dragons
  An efreet (D:14)
  8 trolls
  5 polar bears
  4 meliai
  17 blink frogs
  A hornet (Lair:3)
  9 slime creatures
  6 dream sheep
  2 vampires
  28 yaks
  4 basilisks
  9 wyverns
  16 fire elementals
  A human (shapeshifter) (D:15)
  5 wraiths
  8 vampire mosquitoes
  Grum (D:8)
  Menkaure (D:7)
  4 steam dragons
  An acid dragon (D:8)
  4 wargs (Orc:1)
  4 hell hounds
  14 water moccasins
  A swamp drake (shapeshifter) (D:13)
  2 ice beasts
  17 orc warriors
  4 black bears
  A sky beast (D:6)
  3 ogres
  8 centaurs
  27 wolves
  3 phantoms
  3 kobold brigands
  18 bullfrogs
  A gnoll sergeant (D:10)
  A necrophage (D:7)
  5 scorpions
  7 wights (D:8)
  8 killer bees
  3 electric eels
  6 howler monkeys
  A jelly (D:4)
  5 hounds
  11 orc priests
  4 iguanas
  A gnoll bouda (D:6)
  Terence (D:3)
  20 orc wizards
  12 adders
  7 gnolls
  2 river rats (Sewer)
  3 worms
  4 dart slugs
  41 orcs
  11 ball pythons
  6 endoplasms
  A giant cockroach (D:4)
  4 goblins
  5 hobgoblins
  22 kobolds
  3 quokkas
  10 bats
  2 frilled lizards (D:1)
  4 rats
585 creatures vanquished.

Vanquished Creatures (others)
  A deep elf pyromancer (D:12)
  An ugly thing (D:12)
  A kobold (Sewer)
  31 fungi
  49 plants
83 creatures vanquished.

Grand Total: 668 creatures vanquished

Notes
Turn   | Place    | Note
-------+----------+-------------------------------------------
     0 | D:1      | qw the Troll Cinder Acolyte began the quest for the Orb.
     0 | D:1      | Reached XP level 1. HP: 22/22 MP: 1/1
     0 | D:1      | 0 ||| qw: Version: 0.1-a-95-gae9e614
     0 | D:1      | 0 ||| qw: Game counter: 4458
     0 | D:1      | 0 ||| qw: Always use a shield: true
     0 | D:1      | 0 ||| qw: God list: Okawaru
     0 | D:1      | 0 ||| qw: Allow faded altars: false
     0 | D:1      | 0 ||| qw: Do Orc after D:15 true
     0 | D:1      | 0 ||| qw: Do second Lair branch before Depths: true
     0 | D:1      | 0 ||| qw: Lair rune preference: random
     0 | D:1      | 0 ||| qw: Plans: Normal
     0 | D:1      | 0 ||| PLANNING D:1-11
    98 | D:1      | 98 ||| Stepping ~*~*~tactically~*~*~ (hiding).
   100 | D:1      | 100 ||| Stepping ~*~*~tactically~*~*~ (hiding).
   263 | D:1      | 263 ||| Stepping ~*~*~tactically~*~*~ (stealth).
   266 | D:1      | 266 ||| Stepping ~*~*~tactically~*~*~ (stealth).
   268 | D:1      | 268 ||| Stepping ~*~*~tactically~*~*~ (stealth).
   273 | D:1      | 273 ||| Stepping ~*~*~tactically~*~*~ (stealth).
   282 | D:1      | Reached XP level 2. HP: 29/29 MP: 2/2
   289 | D:1      | 289 ||| Stepping ~*~*~tactically~*~*~ (stealth).
   402 | D:1      | Found a faded altar of an unknown god.
   475 | D:1      | 475 ||| Stepping ~*~*~tactically~*~*~ (stealth).
   796 | D:1      | 796 ||| UPGRADING to amulet of reflection.
   801 | D:1      | 801 ||| UPGRADING to ring of see invisible.
   802 | D:1      | 802 ||| READING scroll labelled DEAHENUSTRIEF.
   803 | D:1      | 803 ||| READING scroll labelled KAATEUM NISAHA.
   862 | D:2      | Reached skill level 4 in Unarmed Combat
   883 | D:2      | 883 ||| Stepping ~*~*~tactically~*~*~ (stealth).
   884 | D:2      | 884 ||| Stepping ~*~*~tactically~*~*~ (stealth).
   939 | D:2      | Reached XP level 3. HP: 36/36 MP: 3/3
  1829 | D:2      | 1829 ||| UPGRADING to ring of willpower.
  1830 | D:2      | 1830 ||| READING 2 scrolls labelled SACUWA CEINU.
  1831 | D:2      | 1831 ||| READING scroll labelled OVEPLU DAPUDOEW.
  1832 | D:2      | 1832 ||| READING 2 scrolls labelled HUUCOPHAUZU.
  1833 | D:2      | 1833 ||| READING scroll labelled HAEM LORGHUTY.
  1838 | D:2      | 1838 ||| DROPPING scroll of blinking.
  1865 | D:3      | 1865 ||| PLANNING SEWER
  1929 | D:3      | Reached XP level 4. HP: 44/44 MP: 4/4
  1946 | D:3      | 1946 ||| Stepping ~*~*~tactically~*~*~ (stealth).
  1951 | D:3      | Reached skill level 5 in Unarmed Combat
  1953 | D:3      | 1953 ||| Stepping ~*~*~tactically~*~*~ (stealth).
  1970 | D:3      | Found a glowing drain.
  1979 | D:3      | 1979 ||| Stepping ~*~*~tactically~*~*~ (hiding).
  1985 | D:3      | 1985 ||| Stepping ~*~*~tactically~*~*~ (hiding).
  1987 | D:3      | 1987 ||| Stepping ~*~*~tactically~*~*~ (stealth).
  1990 | D:3      | 1990 ||| INVOKING Fiery Armour.
  1992 | D:3      | 1992 ||| Stepping ~*~*~tactically~*~*~ (outnumbered).
  1995 | D:3      | 1995 ||| Stepping ~*~*~tactically~*~*~ (outnumbered).
  1996 | D:3      | 1996 ||| Stepping ~*~*~tactically~*~*~ (outnumbered).
  1997 | D:3      | 1997 ||| Stepping ~*~*~tactically~*~*~ (hiding).
  1997 | D:3      | Found a shimmering altar of Xom.
  2008 | D:3      | Reached XP level 5. HP: 48/50 MP: 5/5
  2023 | Sewer    | Entered a sewer
  2029 | Sewer    | 2029 ||| Stepping ~*~*~tactically~*~*~ (stealth).
  2109 | Sewer    | 2109 ||| Stepping ~*~*~tactically~*~*~ (stealth).
  2118 | Sewer    | Reached skill level 6 in Unarmed Combat
  2330 | Sewer    | 2330 ||| Stepping ~*~*~tactically~*~*~ (stealth).
  2345 | Sewer    | 2345 ||| READING 2 scrolls labelled WELOS JAUSHREIM.
  2346 | Sewer    | 2346 ||| READING scroll labelled NISOCU HIOST.
  2347 | Sewer    | 2347 ||| READING scroll labelled NOISOUFISA.
  2348 | Sewer    | 2348 ||| READING scroll labelled UKUTI DAFRIGH.
  2349 | Sewer    | 2349 ||| DRINKING 2 sapphire potions.
  2350 | Sewer    | 2350 ||| DROPPING scroll of noise.
  2381 | D:3      | 2381 ||| PLANNING D:1-11
  2409 | D:3      | Found an iron altar of Okawaru.
  2410 | D:3      | Found a white marble altar of Elyvilon.
  2414 | D:3      | Found a snail-covered altar of Cheibriados.
  2420 | D:3      | Found a sparkling altar of Nemelex Xobeh.
  2488 | D:3      | Noticed Terence
  2496 | D:3      | Killed Terence
  2497 | D:3      | Reached XP level 6. HP: 59/59 MP: 6/6
  2678 | D:3      | Found a transporter.
  2742 | D:3      | Found a transporter.
  2750 | D:3      | Noticed qw's ghost (amateur TeWr)
  2819 | D:3      | 2819 ||| READING scroll labelled LYUFYDW UFYERO.
  2920 | D:3      | 2920 ||| DRINKING 3 sedimented blue potions.
  2921 | D:3      | 2921 ||| DRINKING 2 white potions.
  2922 | D:3      | 2922 ||| READING 2 scrolls of identify.
  2922 | D:3      | 2922 ||| IDENTIFYING metallic ruby potion
  2923 | D:3      | 2923 ||| DROPPING 2 potions of degeneration.
  2924 | D:3      | 2924 ||| DROPPING potion of attraction.
  2925 | D:3      | 2925 ||| DROPPING potion of flight.
  2974 | D:4      | Found a staircase to the Ecumenical Temple.
  3071 | D:4      | 3071 ||| Stepping ~*~*~tactically~*~*~ (stealth).
  3072 | D:4      | 3072 ||| Stepping ~*~*~tactically~*~*~ (stealth).
  3091 | D:4      | Reached skill level 7 in Unarmed Combat
  3113 | D:4      | 3113 ||| Stepping ~*~*~tactically~*~*~ (hiding).
  3278 | D:4      | Reached skill level 8 in Unarmed Combat
  3482 | D:4      | You fall into a shaft and drop 2 floors!
  3526 | D:6      | 3526 ||| DROPPING ring of wizardry.
  3527 | D:6      | 3527 ||| READING 2 scrolls of identify.
  3527 | D:6      | 3527 ||| IDENTIFYING metallic inky potion
  3534 | D:6      | Reached XP level 7. HP: 66/66 MP: 7/7
  3539 | D:5      | Entered Level 5 of the Dungeon
  3578 | D:5      | Reached skill level 3 in Fighting
  3586 | D:5      | 3586 ||| STAIRDANCE
  3745 | D:4      | Found a burning altar of Makhleb.
  3745 | D:4      | Noticed a cacodemon
  3748 | D:4      | Noticed a hellwing
  3748 | D:4      | Noticed an orange demon
  4041 | D:4      | 4041 ||| READING scroll labelled TORRAS QIST.
  4191 | D:5      | Reached skill level 9 in Unarmed Combat
  4196 | D:5      | Reached skill level 1 in Dodging
  4299 | D:5      | Reached XP level 8. HP: 74/75 MP: 8/8
  4481 | D:5      | 4481 ||| Stepping ~*~*~tactically~*~*~ (stealth).
  4482 | D:5      | 4482 ||| Stepping ~*~*~tactically~*~*~ (stealth).
  4484 | D:5      | 4484 ||| Stepping ~*~*~tactically~*~*~ (hiding).
  4485 | D:5      | 4485 ||| Stepping ~*~*~tactically~*~*~ (hiding).
  4487 | D:5      | Noticed Pikel
  4490 | D:5      | 4490 ||| INVOKING Fiery Armour.
  4493 | D:5      | Reached skill level 10 in Unarmed Combat
  4493 | D:5      | 4493 ||| FLEEEEING.
  4494 | D:5      | 4494 ||| FLEEEEING.
  4495 | D:5      | 4495 ||| FLEEEEING.
  4496 | D:5      | 4496 ||| FLEEEEING.
  4497 | D:5      | 4497 ||| FLEEEEING.
  4498 | D:5      | 4498 ||| FLEEEEING.
  4499 | D:5      | 4499 ||| FLEEEEING.
  4500 | D:5      | 4500 ||| FLEEEEING.
  4501 | D:5      | 4501 ||| FLEEEEING.
  4502 | D:5      | 4502 ||| FLEEEEING.
  4503 | D:5      | 4503 ||| FLEEEEING.
  4504 | D:5      | 4504 ||| FLEEEEING.
  4505 | D:5      | 4505 ||| FLEEEEING.
  4506 | D:5      | 4506 ||| FLEEEEING.
  4507 | D:5      | 4507 ||| FLEEEEING.
  4508 | D:5      | 4508 ||| FLEEEEING.
  4509 | D:5      | 4509 ||| FLEEEEING.
  4510 | D:5      | 4510 ||| FLEEEEING.
  4511 | D:5      | 4511 ||| FLEEEEING.
  4512 | D:5      | 4512 ||| FLEEEEING.
  4513 | D:5      | 4513 ||| FLEEEEING.
  4514 | D:5      | 4514 ||| FLEEEEING.
  4515 | D:5      | 4515 ||| FLEEEEING.
  4516 | D:5      | 4516 ||| FLEEEEING.
  4517 | D:5      | 4517 ||| FLEEEEING.
  4518 | D:5      | 4518 ||| FLEEEEING.
  4519 | D:5      | 4519 ||| FLEEEEING.
  4520 | D:5      | 4520 ||| FLEEEEING.
  4521 | D:5      | 4521 ||| FLEEEEING.
  4527 | D:5      | Killed Pikel
  4709 | D:5      | 4709 ||| DRINKING 2 smoky sapphire potions.
  4710 | D:5      | 4710 ||| DRINKING 2 viscous green potions.
  4710 | D:5      | Gained mutation: You are robust. (+10% HP) [potion of
                  | mutation]
  4710 | D:5      | Gained mutation: Your muscles are strong. (Str +4, Int/Dex
                  | -1) [potion of mutation]
  4795 | D:6      | 4795 ||| Stepping ~*~*~tactically~*~*~ (outnumbered).
  4799 | D:6      | Reached skill level 1 in Throwing
  4855 | D:6      | Reached XP level 9. HP: 96/96 MP: 9/9
  4860 | D:6      | 4860 ||| FLEEEEING.
  4861 | D:6      | 4861 ||| FLEEEEING.
  4862 | D:6      | 4862 ||| FLEEEEING.
  4863 | D:6      | 4863 ||| FLEEEEING.
  4864 | D:6      | 4864 ||| FLEEEEING.
  4865 | D:6      | 4865 ||| FLEEEEING.
  4868 | D:6      | 4868 ||| Stepping ~*~*~tactically~*~*~ (hiding).
  4869 | D:6      | 4869 ||| FLEEEEING.
  4875 | D:6      | 4875 ||| INVOKING Fiery Armour.
  4876 | D:6      | 4876 ||| Stepping ~*~*~tactically~*~*~ (outnumbered).
  4885 | D:6      | 4885 ||| Stepping ~*~*~tactically~*~*~ (outnumbered).
  5179 | D:6      | 5179 ||| UPGRADING to +1 robe of willpower.
  5189 | D:6      | 5189 ||| DROPPING +0 robe.
  5190 | D:6      | 5190 ||| READING scroll labelled NUUSHU HAWI.
  5248 | D:7      | 5248 ||| Stepping ~*~*~tactically~*~*~ (hiding).
  5258 | D:7      | Reached skill level 3 in Throwing
  5262 | D:7      | Noticed Menkaure
  5267 | D:7      | Killed Menkaure
  5333 | D:7      | 5333 ||| Stepping ~*~*~tactically~*~*~ (hiding).
  5334 | D:7      | 5334 ||| Stepping ~*~*~tactically~*~*~ (hiding).
  5342 | D:7      | 5342 ||| INVOKING Fiery Armour.
  5344 | D:7      | 5344 ||| Stepping ~*~*~tactically~*~*~ (outnumbered).
  5347 | D:7      | 5347 ||| Stepping ~*~*~tactically~*~*~ (outnumbered).
  5350 | D:7      | Reached skill level 11 in Unarmed Combat
  5449 | D:7      | 5449 ||| INVOKING Fiery Armour.
  5467 | D:7      | 5467 ||| Stepping ~*~*~tactically~*~*~ (hiding).
  5468 | D:7      | 5468 ||| Stepping ~*~*~tactically~*~*~ (hiding).
  5473 | D:7      | 5473 ||| Stepping ~*~*~tactically~*~*~ (outnumbered).
  5809 | D:7      | 5809 ||| UPGRADING to ring of protection from cold.
  5811 | D:7      | 5811 ||| UPGRADING to +4 ring of protection.
  5813 | D:7      | 5813 ||| READING scroll labelled NIAMIQI ZUIKK.
  5814 | D:7      | 5814 ||| READING 3 scrolls of identify.
  5814 | D:7      | 5814 ||| IDENTIFYING yellow potion
  5815 | D:7      | 5815 ||| READING 2 scrolls of identify.
  5815 | D:7      | 5815 ||| IDENTIFYING metallic yellow potion
  5816 | D:7      | 5816 ||| DROPPING potion of brilliance.
  5817 | D:7      | 5817 ||| DROPPING potion of magic.
  5818 | D:7      | 5818 ||| READING 2 scrolls of teleportation.
  5844 | D:8      | 5844 ||| FLEEEEING.
  5845 | D:8      | 5845 ||| FLEEEEING.
  5846 | D:8      | 5846 ||| STAIRDANCE
  5880 | D:8      | Reached skill level 12 in Unarmed Combat
  5881 | D:8      | 5881 ||| INVOKING Fiery Armour.
  6023 | D:8      | Noticed Grum
  6024 | D:8      | 6024 ||| INVOKING Fiery Armour.
  6031 | D:8      | Killed Grum
  6032 | D:8      | Reached XP level 10. HP: 85/105 MP: 10/10
  6080 | D:8      | 6080 ||| Stepping ~*~*~tactically~*~*~ (stealth).
  6092 | D:8      | 6092 ||| Stepping ~*~*~tactically~*~*~ (hiding).
  6461 | D:8      | Reached skill level 13 in Unarmed Combat
  6473 | D:8      | Identified the +4 plate armour "Zousokod" {Rampage Dex+4
                  | Slay+2}
  6474 | D:8      | 6474 ||| Stepping ~*~*~tactically~*~*~ (stealth).
  6493 | D:8      | 6493 ||| INVOKING Fiery Armour.
  6555 | D:8      | 6555 ||| Stepping ~*~*~tactically~*~*~ (stealth).
  6573 | D:8      | Found a flagged portal.
  6628 | D:8      | 6628 ||| DROPPING ring of magical power.
  6629 | D:8      | 6629 ||| READING 2 scrolls labelled MECHI NASI.
  6630 | D:8      | 6630 ||| READING scroll labelled ISETAO WODOSCH.
  6677 | D:8      | 6677 ||| READING 3 scrolls of identify.
  6677 | D:8      | 6677 ||| IDENTIFYING bubbling sapphire potion
  6678 | D:8      | 6678 ||| READING 2 scrolls of identify.
  6678 | D:8      | 6678 ||| IDENTIFYING red potion
  6679 | D:8      | 6679 ||| DROPPING scroll of amnesia.
  6680 | D:8      | 6680 ||| DROPPING potion of lignification.
  6753 | D:9      | Found Xigaj's Antique Armour Shop.
  6874 | D:9      | 6874 ||| INVOKING Fiery Armour.
  6874 | D:9      | Noticed a two-headed ogre
  6874 | D:9      | Noticed Erica
  6886 | D:9      | Killed Erica
  6887 | D:9      | Reached skill level 14 in Unarmed Combat
  6887 | D:9      | 6887 ||| Stepping ~*~*~tactically~*~*~ (outnumbered).
  6888 | D:9      | 6888 ||| Stepping ~*~*~tactically~*~*~ (outnumbered).
  6897 | D:9      | Killed a two-headed ogre
  6898 | D:9      | Reached skill level 6 in Fighting
  6903 | D:9      | 6903 ||| FLEEEEING.
  6904 | D:9      | 6904 ||| FLEEEEING.
  6905 | D:9      | 6905 ||| FLEEEEING.
  6906 | D:9      | 6906 ||| FLEEEEING.
  6907 | D:9      | 6907 ||| FLEEEEING.
  6910 | D:9      | 6910 ||| FLEEEEING.
  6911 | D:9      | 6911 ||| FLEEEEING.
  6912 | D:9      | 6912 ||| FLEEEEING.
  6923 | D:9      | 6923 ||| FLEEEEING.
  6938 | D:9      | 6938 ||| FLEEEEING.
  6939 | D:9      | 6939 ||| FLEEEEING.
  6940 | D:9      | 6940 ||| FLEEEEING.
  6941 | D:9      | 6941 ||| FLEEEEING.
  6944 | D:9      | 6944 ||| FLEEEEING.
  6945 | D:9      | 6945 ||| FLEEEEING.
  6946 | D:9      | 6946 ||| FLEEEEING.
  6947 | D:9      | 6947 ||| FLEEEEING.
  6948 | D:9      | 6948 ||| FLEEEEING.
  6949 | D:9      | 6949 ||| FLEEEEING.
  7050 | D:9      | 7050 ||| Stepping ~*~*~tactically~*~*~ (stealth).
  7154 | D:9      | 7154 ||| FLEEEEING.
  7155 | D:9      | 7155 ||| FLEEEEING.
  7156 | D:9      | 7156 ||| FLEEEEING.
  7332 | D:9      | Found a glowing golden altar of the Shining One.
  7352 | D:9      | 7352 ||| Stepping ~*~*~tactically~*~*~ (outnumbered).
  7353 | D:9      | 7353 ||| Stepping ~*~*~tactically~*~*~ (outnumbered).
  7354 | D:9      | 7354 ||| Stepping ~*~*~tactically~*~*~ (outnumbered).
  7355 | D:9      | 7355 ||| Stepping ~*~*~tactically~*~*~ (outnumbered).
  7356 | D:9      | 7356 ||| Stepping ~*~*~tactically~*~*~ (outnumbered).
  7357 | D:9      | 7357 ||| Stepping ~*~*~tactically~*~*~ (outnumbered).
  7618 | D:10     | Entered Level 10 of the Dungeon
  7621 | D:10     | 7621 ||| STAIRDANCE
  7639 | D:10     | Reached XP level 11. HP: 63/117 MP: 11/11
  7645 | D:10     | 7645 ||| STAIRDANCE
  7699 | D:10     | 7699 ||| Stepping ~*~*~tactically~*~*~ (hiding).
  7702 | D:10     | 7702 ||| Stepping ~*~*~tactically~*~*~ (hiding).
  7708 | D:10     | 7708 ||| Stepping ~*~*~tactically~*~*~ (outnumbered).
  7710 | D:10     | 7710 ||| Stepping ~*~*~tactically~*~*~ (outnumbered).
  7714 | D:10     | 7714 ||| Stepping ~*~*~tactically~*~*~ (outnumbered).
  7715 | D:10     | 7715 ||| Stepping ~*~*~tactically~*~*~ (outnumbered).
  7885 | D:10     | Found a staircase to the Orcish Mines.
  7899 | D:10     | 7899 ||| INVOKING Fiery Armour.
  7976 | D:10     | Reached skill level 15 in Unarmed Combat
  7984 | D:10     | 7984 ||| Stepping ~*~*~tactically~*~*~ (outnumbered).
  8004 | D:10     | Noticed Erolcha
  8005 | D:10     | 8005 ||| INVOKING Fiery Armour.
  8015 | D:10     | Killed Erolcha
  8018 | D:10     | 8018 ||| FLEEEEING.
  8019 | D:10     | 8019 ||| FLEEEEING.
  8021 | D:10     | 8021 ||| FLEEEEING.
  8022 | D:10     | 8022 ||| FLEEEEING.
  8023 | D:10     | 8023 ||| FLEEEEING.
  8028 | D:10     | 8028 ||| FLEEEEING.
  8029 | D:10     | 8029 ||| FLEEEEING.
  8030 | D:10     | 8030 ||| FLEEEEING.
  8031 | D:10     | 8031 ||| FLEEEEING.
  8031 | D:10     | Noticed Psyche
  8032 | D:10     | 8032 ||| FLEEEEING.
  8033 | D:10     | 8033 ||| FLEEEEING.
  8034 | D:10     | 8034 ||| FLEEEEING.
  8035 | D:10     | 8035 ||| FLEEEEING.
  8043 | D:10     | Killed Psyche
  8060 | D:10     | 8060 ||| Stepping ~*~*~tactically~*~*~ (hiding).
  8065 | D:10     | 8065 ||| Stepping ~*~*~tactically~*~*~ (hiding).
  8286 | D:10     | Noticed a two-headed ogre
  8291 | D:10     | Killed a two-headed ogre
  8575 | D:11     | Noticed a two-headed ogre
  8577 | D:11     | 8577 ||| Stepping ~*~*~tactically~*~*~ (outnumbered).
  8583 | D:11     | Killed a two-headed ogre
  8584 | D:11     | Reached skill level 16 in Unarmed Combat
  8588 | D:11     | 8588 ||| INVOKING Fiery Armour.
  8594 | D:11     | HP: 28/117 [gargoyle/+0 mace (11)]
  8595 | D:11     | 8595 ||| READING 3 scrolls of teleportation.
  8596 | D:11     | 8596 ||| DRINKING 2 potions of heal wounds.
  8688 | D:11     | Noticed a white ugly thing
  8693 | D:11     | Killed a white ugly thing
  8704 | D:11     | 8704 ||| Stepping ~*~*~tactically~*~*~ (hiding).
  8755 | D:11     | 8755 ||| Stepping ~*~*~tactically~*~*~ (hiding).
  8813 | D:11     | 8813 ||| Stepping ~*~*~tactically~*~*~ (hiding).
  8931 | D:11     | 8931 ||| Stepping ~*~*~tactically~*~*~ (stealth).
  8934 | D:11     | 8934 ||| Stepping ~*~*~tactically~*~*~ (stealth).
  8938 | D:11     | 8938 ||| Stepping ~*~*~tactically~*~*~ (stealth).
  8952 | D:11     | 8952 ||| Stepping ~*~*~tactically~*~*~ (hiding).
  9030 | D:11     | 9030 ||| Stepping ~*~*~tactically~*~*~ (hiding).
  9105 | D:11     | 9105 ||| Stepping ~*~*~tactically~*~*~ (hiding).
  9116 | D:11     | 9116 ||| Stepping ~*~*~tactically~*~*~ (stealth).
  9214 | D:11     | Found a staircase to the Lair.
  9352 | D:11     | 9352 ||| INVOKING Fiery Armour.
  9693 | D:11     | 9693 ||| UPGRADING to +0 cloak.
  9698 | D:11     | 9698 ||| PLANNING LAIR
  9698 | D:11     | 9698 ||| UPGRADING to +0 troll leather armour.
  9708 | D:11     | 9708 ||| DROPPING +1 robe of willpower.
  9709 | D:11     | 9709 ||| DROPPING +0 steam dragon scales.
  9710 | D:11     | 9710 ||| READING 2 scrolls of enchant armour.
  9710 | D:11     | 9710 ||| ENCHANTING +0 cloak.
  9711 | D:11     | 9711 ||| READING scroll of enchant armour.
  9711 | D:11     | 9711 ||| ENCHANTING +1 cloak.
  9712 | D:11     | 9712 ||| READING 8 scrolls of identify.
  9712 | D:11     | 9712 ||| IDENTIFYING murky ruby potion
  9721 | Lair:1   | Entered Level 1 of the Lair of Beasts
  9742 | Lair:1   | Reached skill level 1 in Armour
  9856 | Lair:1   | 9856 ||| Stepping ~*~*~tactically~*~*~ (stealth).
  9865 | Lair:1   | Reached XP level 12. HP: 129/129 MP: 12/12
  9985 | Lair:1   | 9985 ||| Stepping ~*~*~tactically~*~*~ (stealth).
  9986 | Lair:1   | 9986 ||| Stepping ~*~*~tactically~*~*~ (stealth).
 10061 | Lair:1   | 10061 ||| Stepping ~*~*~tactically~*~*~ (stealth).
 10092 | Lair:1   | Reached skill level 17 in Unarmed Combat
 10250 | Lair:1   | 10250 ||| Stepping ~*~*~tactically~*~*~ (outnumbered).
 10251 | Lair:1   | 10251 ||| Stepping ~*~*~tactically~*~*~ (outnumbered).
 10252 | Lair:1   | 10252 ||| INVOKING Fiery Armour.
 10253 | Lair:1   | 10253 ||| Stepping ~*~*~tactically~*~*~ (outnumbered).
 10254 | Lair:1   | 10254 ||| Stepping ~*~*~tactically~*~*~ (outnumbered).
 10255 | Lair:1   | 10255 ||| Stepping ~*~*~tactically~*~*~ (outnumbered).
 10256 | Lair:1   | 10256 ||| Stepping ~*~*~tactically~*~*~ (outnumbered).
 10257 | Lair:1   | 10257 ||| Stepping ~*~*~tactically~*~*~ (outnumbered).
 10258 | Lair:1   | 10258 ||| Stepping ~*~*~tactically~*~*~ (outnumbered).
 10259 | Lair:1   | 10259 ||| Stepping ~*~*~tactically~*~*~ (outnumbered).
 10260 | Lair:1   | 10260 ||| Stepping ~*~*~tactically~*~*~ (outnumbered).
 10480 | Lair:1   | 10480 ||| PLANNING CONVERSION TO OKAWARU
 10678 | D:3      | Fell from the grace of Ignis
 10678 | D:3      | Became a worshipper of Warmaster Okawaru
 10679 | D:3      | 10679 ||| PLANNING LAIR
 10679 | D:3      | 10679 ||| UPGRADING to ring of poison resistance.
 10868 | Lair:2   | Found a runed translucent gate.
 10869 | Lair:2   | Found a runed translucent gate.
 10870 | Lair:2   | Found a runed translucent gate.
 10872 | Lair:2   | Noticed a minotaur
 10874 | Lair:2   | Noticed qw's ghost (journeyman TrCA)
 10886 | Lair:2   | Noticed a four-headed hydra
 10893 | Lair:2   | Killed a six-headed hydra
 10904 | Lair:2   | Reached * piety under Okawaru
 10978 | Lair:2   | Found a hole to the Spider Nest.
 10979 | Lair:2   | 10979 ||| Stepping ~*~*~tactically~*~*~ (hiding).
 10981 | Lair:2   | 10981 ||| INVOKING Heroism.
 11030 | Lair:2   | 11030 ||| INVOKING Heroism.
 11032 | Lair:2   | Reached skill level 1 in Invocations
 11037 | Lair:2   | Reached skill level 18 in Unarmed Combat
 11063 | Lair:2   | Noticed a six-headed hydra
 11064 | Lair:2   | 11064 ||| INVOKING Heroism.
 11074 | Lair:2   | Killed a ten-headed hydra
 11162 | Lair:2   | Noticed a boulder beetle
 11163 | Lair:2   | 11163 ||| INVOKING Heroism.
 11170 | Lair:2   | Killed a boulder beetle
 11279 | Lair:2   | 11279 ||| INVOKING Heroism.
 11289 | Lair:2   | Reached skill level 3 in Invocations
 11291 | Lair:2   | 11291 ||| Stepping ~*~*~tactically~*~*~ (outnumbered).
 11292 | Lair:2   | 11292 ||| Stepping ~*~*~tactically~*~*~ (outnumbered).
 11349 | Lair:2   | Noticed a four-headed hydra
 11350 | Lair:2   | 11350 ||| Stepping ~*~*~tactically~*~*~ (stealth).
 11352 | Lair:2   | 11352 ||| INVOKING Heroism.
 11361 | Lair:2   | Killed an eight-headed hydra
 11361 | Lair:2   | Reached ** piety under Okawaru
 11371 | Lair:2   | 11371 ||| INVOKING Heroism.
 11376 | Lair:2   | HP: 29/130 [fire elemental[the fiery vengeance of Ignis]
                  | (10)]
 11377 | Lair:2   | 11377 ||| READING 3 scrolls of teleportation.
 11377 | Lair:2   | HP: 11/130 [fire elemental[the fiery vengeance of Ignis]
                  | (8)]
 11378 | Lair:2   | 11378 ||| DRINKING potion of heal wounds.
 11438 | Lair:2   | 11438 ||| Stepping ~*~*~tactically~*~*~ (stealth).
 11441 | Lair:2   | 11441 ||| INVOKING Heroism.
 11463 | Lair:2   | 11463 ||| INVOKING Heroism.
 11466 | Lair:2   | 11466 ||| Stepping ~*~*~tactically~*~*~ (stealth).
 11506 | Lair:2   | Found a staircase to the Swamp.
 11521 | Lair:2   | 11521 ||| Stepping ~*~*~tactically~*~*~ (stealth).
 11618 | Lair:2   | 11618 ||| INVOKING Heroism.
 11750 | Lair:2   | 11750 ||| INVOKING Heroism.
 12128 | Lair:2   | 12128 ||| READING 2 scrolls of teleportation.
 12205 | Lair:3   | 12205 ||| INVOKING Heroism.
 12273 | Lair:3   | 12273 ||| INVOKING Heroism.
 12282 | Lair:3   | Reached XP level 13. HP: 134/139 MP: 12/15
 12350 | Lair:3   | Found a stormy altar of Qazlal.
 12417 | Lair:3   | 12417 ||| Stepping ~*~*~tactically~*~*~ (hiding).
 13012 | Lair:3   | You fall into a shaft and drop 2 floors!
 13012 | Lair:5   | Entered Level 5 of the Lair of Beasts
 13018 | Lair:5   | 13018 ||| INVOKING Heroism.
 13038 | Lair:5   | Reached *** piety under Okawaru
 13043 | Lair:5   | 13043 ||| INVOKING Heroism.
 13056 | Lair:5   | 13056 ||| Stepping ~*~*~tactically~*~*~ (outnumbered).
 13057 | Lair:5   | 13057 ||| STAIRDANCE
 13059 | Lair:4   | 13059 ||| Stepping ~*~*~tactically~*~*~ (outnumbered).
 13060 | Lair:4   | 13060 ||| Stepping ~*~*~tactically~*~*~ (outnumbered).
 13065 | Lair:4   | 13065 ||| Stepping ~*~*~tactically~*~*~ (stealth).
 13070 | Lair:4   | 13070 ||| Stepping ~*~*~tactically~*~*~ (stealth).
 13071 | Lair:4   | 13071 ||| Stepping ~*~*~tactically~*~*~ (stealth).
 13076 | Lair:4   | 13076 ||| Stepping ~*~*~tactically~*~*~ (stealth).
 13078 | Lair:4   | 13078 ||| INVOKING Heroism.
 13079 | Lair:4   | 13079 ||| Stepping ~*~*~tactically~*~*~ (outnumbered).
 13080 | Lair:4   | 13080 ||| Stepping ~*~*~tactically~*~*~ (outnumbered).
 13083 | Lair:4   | Reached skill level 19 in Unarmed Combat
 13225 | Lair:3   | Received a gift from Okawaru
 13228 | Lair:3   | 13228 ||| Stepping ~*~*~tactically~*~*~ (hiding).
 13230 | Lair:3   | Reached **** piety under Okawaru
 13233 | Lair:3   | 13233 ||| INVOKING Heroism.
 13242 | Lair:3   | 13242 ||| Stepping ~*~*~tactically~*~*~ (stealth).
 13249 | Lair:3   | Reached skill level 9 in Fighting
 13251 | Lair:3   | 13251 ||| INVOKING Heroism.
 13281 | Lair:3   | 13281 ||| Stepping randomly (cloudy).
 13282 | Lair:3   | 13282 ||| FLEEEEING.
 13283 | Lair:3   | 13283 ||| FLEEEEING.
 13287 | Lair:3   | 13287 ||| Stepping ~*~*~tactically~*~*~ (cloud).
 13293 | Lair:3   | 13293 ||| Stepping randomly (cloudy).
 13294 | Lair:3   | 13294 ||| Stepping ~*~*~tactically~*~*~ (cloud).
 13299 | Lair:3   | 13299 ||| Stepping randomly (cloudy).
 13300 | Lair:3   | 13300 ||| Stepping ~*~*~tactically~*~*~ (cloud).
 13301 | Lair:3   | 13301 ||| FLEEEEING.
 13302 | Lair:3   | 13302 ||| FLEEEEING.
 13303 | Lair:3   | 13303 ||| FLEEEEING.
 13304 | Lair:3   | 13304 ||| FLEEEEING.
 13314 | Lair:3   | 13314 ||| Stepping ~*~*~tactically~*~*~ (cloud).
 13316 | Lair:3   | 13316 ||| Stepping ~*~*~tactically~*~*~ (cloud).
 13320 | Lair:3   | 13320 ||| Stepping randomly (cloudy).
 13321 | Lair:3   | 13321 ||| Stepping ~*~*~tactically~*~*~ (cloud).
 13355 | Lair:3   | 13355 ||| INVOKING Heroism.
 13406 | Lair:3   | 13406 ||| INVOKING Heroism.
 13626 | Lair:4   | 13626 ||| INVOKING Heroism.
 13727 | Lair:4   | Reached skill level 6 in Throwing
 13768 | Lair:4   | Found a staircase to the Slime Pits.
 13783 | Lair:4   | Received a gift from Okawaru
 13818 | Lair:4   | 13818 ||| Stepping ~*~*~tactically~*~*~ (stealth).
 14002 | Lair:4   | 14002 ||| INVOKING Heroism.
 14034 | Lair:4   | 14034 ||| INVOKING Heroism.
 14141 | Lair:4   | 14141 ||| DROPPING amulet of magic regeneration.
 14142 | Lair:4   | 14142 ||| READING scroll labelled NET ADEOLAI.
 14151 | Lair:5   | 14151 ||| STAIRDANCE
 14255 | Lair:5   | 14255 ||| STAIRDANCE
 14257 | Lair:4   | 14257 ||| INVOKING Heroism.
 14313 | Lair:5   | 14313 ||| STAIRDANCE
 14315 | Lair:4   | 14315 ||| INVOKING Heroism.
 14333 | Lair:5   | 14333 ||| STAIRDANCE
 14335 | Lair:4   | 14335 ||| INVOKING Heroism.
 14355 | Lair:5   | 14355 ||| INVOKING Heroism.
 14361 | Lair:5   | 14361 ||| STAIRDANCE
 14382 | Lair:5   | 14382 ||| INVOKING Heroism.
 14406 | Lair:5   | 14406 ||| Stepping ~*~*~tactically~*~*~ (stealth).
 14408 | Lair:5   | 14408 ||| Stepping ~*~*~tactically~*~*~ (stealth).
 14409 | Lair:5   | 14409 ||| Stepping ~*~*~tactically~*~*~ (stealth).
 14417 | Lair:5   | 14417 ||| Stepping randomly (cloudy).
 14418 | Lair:5   | 14418 ||| Stepping ~*~*~tactically~*~*~ (cloud).
 14421 | Lair:5   | Reached skill level 6 in Invocations
 14486 | Lair:5   | 14486 ||| DRINKING potion of cancellation.
 14538 | Lair:5   | 14538 ||| INVOKING Heroism.
 14605 | Lair:5   | 14605 ||| Stepping ~*~*~tactically~*~*~ (stealth).
 14613 | Lair:5   | 14613 ||| Stepping ~*~*~tactically~*~*~ (stealth).
 14615 | Lair:5   | Reached ***** piety under Okawaru
 14638 | Lair:5   | Was forgiven by Ignis
 14729 | Lair:5   | 14729 ||| Stepping ~*~*~tactically~*~*~ (stealth).
 14730 | Lair:5   | 14730 ||| Stepping ~*~*~tactically~*~*~ (stealth).
 14731 | Lair:5   | 14731 ||| Stepping ~*~*~tactically~*~*~ (stealth).
 14773 | Lair:5   | 14773 ||| Stepping ~*~*~tactically~*~*~ (stealth).
 14777 | Lair:5   | 14777 ||| INVOKING Heroism.
 14787 | Lair:5   | Received a gift from Okawaru
 14788 | Lair:5   | Reached XP level 14. HP: 145/154 MP: 15/18
 14801 | Lair:5   | 14801 ||| Stepping ~*~*~tactically~*~*~ (stealth).
 14805 | Lair:5   | 14805 ||| Stepping ~*~*~tactically~*~*~ (stealth).
 14888 | Lair:5   | 14888 ||| INVOKING Heroism.
 14889 | Lair:5   | 14889 ||| INVOKING Finesse.
 14890 | Lair:5   | 14890 ||| Stepping ~*~*~tactically~*~*~ (outnumbered).
 14923 | Lair:5   | 14923 ||| Stepping ~*~*~tactically~*~*~ (hiding).
 14959 | Lair:5   | 14959 ||| FLEEEEING.
 14960 | Lair:5   | 14960 ||| FLEEEEING.
 14961 | Lair:5   | 14961 ||| Stepping ~*~*~tactically~*~*~ (hiding).
 14967 | Lair:5   | 14967 ||| INVOKING Heroism.
 14969 | Lair:5   | 14969 ||| INVOKING Finesse.
 15070 | Lair:5   | Identified the +1 halberd "Voyqisoy" {holy, Drain Str-5
                  | Int+4 SInv}
 15080 | Lair:5   | 15080 ||| INVOKING Heroism.
 15129 | Lair:5   | 15129 ||| INVOKING Heroism.
 15130 | Lair:5   | 15130 ||| INVOKING Finesse.
 15139 | Lair:5   | Received a gift from Okawaru
 15298 | Lair:5   | Identified the +0 pair of gloves of Vafaj {rPois Will++
                  | Int-2}
 15399 | Lair:5   | Identified a scroll of acquirement
 15411 | Lair:5   | 15411 ||| READING scroll of acquirement.
 15411 | Lair:5   | 15411 ||| ACQUIRING 1153 gold pieces
 15411 | Lair:5   | Acquired 1153 gold pieces
 15765 | Lair:5   | 15765 ||| PLANNING D
 15765 | Lair:5   | 15765 ||| READING 15 scrolls of identify.
 15765 | Lair:5   | 15765 ||| IDENTIFYING puce potion
 15766 | Lair:5   | 15766 ||| READING 14 scrolls of identify.
 15766 | Lair:5   | 15766 ||| IDENTIFYING pink potion
 15767 | Lair:5   | 15767 ||| DROPPING potion of berserk rage.
 15768 | Lair:5   | 15768 ||| DROPPING potion of ambrosia.
 15977 | D:12     | 15977 ||| INVOKING Heroism.
 15978 | D:12     | 15978 ||| INVOKING Finesse.
 16035 | D:12     | 16035 ||| INVOKING Heroism.
 16081 | D:12     | 16081 ||| READING 5 scrolls of teleportation.
 16082 | D:12     | 16082 ||| INVOKING Heroism.
 16115 | D:12     | Found Fecvozxo's Antique Weapon Boutique.
 16217 | D:12     | 16217 ||| Stepping ~*~*~tactically~*~*~ (hiding).
 16219 | D:12     | 16219 ||| Stepping ~*~*~tactically~*~*~ (hiding).
 16223 | D:12     | 16223 ||| Stepping ~*~*~tactically~*~*~ (hiding).
 16224 | D:12     | 16224 ||| Stepping ~*~*~tactically~*~*~ (hiding).
 16455 | D:12     | 16455 ||| Stepping ~*~*~tactically~*~*~ (stealth).
 16459 | D:12     | 16459 ||| Stepping ~*~*~tactically~*~*~ (stealth).
 16523 | D:12     | 16523 ||| Stepping ~*~*~tactically~*~*~ (outnumbered).
 16642 | D:13     | 16642 ||| INVOKING Heroism.
 16647 | D:13     | 16647 ||| INVOKING Finesse.
 16738 | D:13     | 16738 ||| Stepping ~*~*~tactically~*~*~ (stealth).
 16745 | D:13     | 16745 ||| Stepping ~*~*~tactically~*~*~ (hiding).
 16755 | D:13     | 16755 ||| Stepping ~*~*~tactically~*~*~ (outnumbered).
 16765 | D:13     | Received a gift from Okawaru
 16789 | D:13     | Reached skill level 9 in Invocations
 16790 | D:13     | 16790 ||| INVOKING Heroism.
 16791 | D:13     | 16791 ||| INVOKING Finesse.
 17022 | D:13     | 17022 ||| INVOKING Heroism.
 17025 | D:13     | 17025 ||| INVOKING Finesse.
 17037 | D:13     | 17037 ||| Stepping ~*~*~tactically~*~*~ (stealth).
 17046 | D:13     | 17046 ||| Stepping ~*~*~tactically~*~*~ (stealth).
 17048 | D:13     | 17048 ||| Stepping ~*~*~tactically~*~*~ (stealth).
 17090 | D:13     | Identified the +1 pair of gloves of the Apprentice {Dex+2}
 17359 | D:13     | 17359 ||| UPGRADING to +0 kite shield.
 17415 | D:14     | 17415 ||| INVOKING Heroism.
 17426 | D:14     | Received a gift from Okawaru
 17428 | D:14     | 17428 ||| Stepping ~*~*~tactically~*~*~ (outnumbered).
 17429 | D:14     | 17429 ||| Stepping ~*~*~tactically~*~*~ (outnumbered).
 17431 | D:14     | 17431 ||| Stepping ~*~*~tactically~*~*~ (outnumbered).
 17434 | D:14     | Reached skill level 1 in Shields
 17529 | D:14     | Found a glowing silver altar of Zin.
 17530 | D:14     | Found a glowing golden altar of the Shining One.
 17531 | D:14     | Found a white marble altar of Elyvilon.
 17556 | D:14     | 17556 ||| INVOKING Heroism.
 17557 | D:14     | 17557 ||| INVOKING Finesse.
 17641 | D:14     | 17641 ||| INVOKING Heroism.
 17642 | D:14     | 17642 ||| INVOKING Finesse.
 17651 | D:14     | Reached skill level 3 in Shields
 17759 | D:14     | Identified the +4 tower shield "Poteov Pola" {Rampage}
                  | (Okawaru gifted it to you on level 14 of the Dungeon)
 17759 | D:14     | Received a gift from Okawaru
 17774 | D:14     | 17774 ||| INVOKING Heroism.
 17942 | D:14     | 17942 ||| INVOKING Heroism.
 17945 | D:14     | 17945 ||| Stepping ~*~*~tactically~*~*~ (outnumbered).
 17949 | D:14     | Reached XP level 15. HP: 160/160 MP: 18/21
 17987 | D:14     | 17987 ||| Stepping ~*~*~tactically~*~*~ (stealth).
 17989 | D:14     | 17989 ||| Stepping ~*~*~tactically~*~*~ (stealth).
 17991 | D:14     | 17991 ||| Stepping ~*~*~tactically~*~*~ (stealth).
 17995 | D:14     | 17995 ||| Stepping ~*~*~tactically~*~*~ (outnumbered).
 18031 | D:14     | Found a gate to the Vaults.
 18039 | D:14     | 18039 ||| INVOKING Heroism.
 18304 | D:14     | 18304 ||| INVOKING Heroism.
 18307 | D:14     | 18307 ||| Stepping ~*~*~tactically~*~*~ (outnumbered).
 18537 | D:14     | Found an iron altar of Okawaru.
 18601 | D:14     | 18601 ||| UPGRADING to +4 tower shield "Poteov Pola"
                  | {Rampage}.
 18611 | D:14     | 18611 ||| DROPPING +0 kite shield.
 18632 | D:15     | Entered Level 15 of the Dungeon
 18632 | D:15     | Noticed Azrael
 18633 | D:15     | 18633 ||| INVOKING Heroism.
 18634 | D:15     | 18634 ||| INVOKING Finesse.
 18635 | D:15     | 18635 ||| STAIRDANCE
 18677 | D:15     | 18677 ||| STAIRDANCE
 18704 | D:15     | 18704 ||| INVOKING Heroism.
 18705 | D:15     | 18705 ||| STAIRDANCE
 18707 | D:14     | 18707 ||| INVOKING Finesse.
 18710 | D:14     | Killed Azrael
 18751 | D:15     | 18751 ||| STAIRDANCE
 18754 | D:14     | Reached skill level 6 in Shields
 18771 | D:15     | 18771 ||| Stepping ~*~*~tactically~*~*~ (hiding).
 18952 | D:15     | Noticed Rupert
 18953 | D:15     | 18953 ||| Stepping ~*~*~tactically~*~*~ (stealth).
 18954 | D:15     | 18954 ||| Stepping ~*~*~tactically~*~*~ (stealth).
 18962 | D:15     | 18962 ||| INVOKING Heroism.
 18966 | D:15     | 18966 ||| DRINKING 10 potions of curing.
 18966 | D:15     | 18966 ||| (to cure confusion)
 18970 | D:15     | Killed Rupert
 18997 | D:15     | 18997 ||| INVOKING Heroism.
 18998 | D:15     | 18998 ||| Stepping ~*~*~tactically~*~*~ (outnumbered).
 19004 | D:15     | 19004 ||| Stepping ~*~*~tactically~*~*~ (outnumbered).
 19126 | D:15     | Found a runed translucent door.
 19127 | D:15     | 19127 ||| INVOKING Heroism.
 19253 | D:15     | 19253 ||| INVOKING Heroism.
 19290 | D:15     | 19290 ||| Stepping ~*~*~tactically~*~*~ (stealth).
 19291 | D:15     | 19291 ||| Stepping ~*~*~tactically~*~*~ (stealth).
 19293 | D:15     | 19293 ||| Stepping ~*~*~tactically~*~*~ (stealth).
 19619 | D:15     | Found a shadowy altar of Dithmenos.
 19723 | D:15     | 19723 ||| Stepping ~*~*~tactically~*~*~ (hiding).
 19727 | D:15     | 19727 ||| INVOKING Heroism.
 19755 | D:15     | Found a staircase to the Depths.
 19889 | D:15     | 19889 ||| UPGRADING to +0 fire dragon scales.
 19895 | D:15     | Identified the amulet "Wylac" {Spirit rF+ Will- Regen+
                  | Str+3}
 19899 | D:15     | 19899 ||| PLANNING ORC
 19899 | D:15     | 19899 ||| READING scroll of enchant armour.
 19899 | D:15     | 19899 ||| ENCHANTING +0 fire dragon scales.
 19900 | D:15     | 19900 ||| DROPPING +0 troll leather armour.
 20021 | Orc:1    | Entered Level 1 of the Orcish Mines
 20083 | Orc:1    | 20083 ||| Stepping ~*~*~tactically~*~*~ (stealth).
 20084 | Orc:1    | 20084 ||| Stepping ~*~*~tactically~*~*~ (stealth).
 20085 | Orc:1    | 20085 ||| Stepping ~*~*~tactically~*~*~ (stealth).
 20091 | Orc:1    | 20091 ||| Stepping ~*~*~tactically~*~*~ (stealth).
 20098 | Orc:1    | Reached skill level 9 in Shields
 20233 | Orc:1    | 20233 ||| INVOKING Heroism.
 20275 | Orc:1    | 20275 ||| Stepping ~*~*~tactically~*~*~ (outnumbered).
 20288 | Orc:1    | 20288 ||| Stepping ~*~*~tactically~*~*~ (outnumbered).
 20359 | Orc:1    | 20359 ||| Stepping ~*~*~tactically~*~*~ (outnumbered).
 20361 | Orc:1    | 20361 ||| INVOKING Heroism.
 20404 | Orc:1    | 20404 ||| Stepping ~*~*~tactically~*~*~ (outnumbered).
 20405 | Orc:1    | 20405 ||| Stepping ~*~*~tactically~*~*~ (outnumbered).
 20405 | Orc:1    | Paralysed by an orc sorcerer for 4 turns
 20495 | Orc:1    | 20495 ||| Stepping ~*~*~tactically~*~*~ (hiding).
 20501 | Orc:1    | 20501 ||| INVOKING Heroism.
 20503 | Orc:1    | 20503 ||| Stepping ~*~*~tactically~*~*~ (hiding).
 20799 | Orc:1    | 20799 ||| Stepping ~*~*~tactically~*~*~ (hiding).
 20801 | Orc:1    | 20801 ||| Stepping ~*~*~tactically~*~*~ (stealth).
 20808 | Orc:1    | 20808 ||| Stepping ~*~*~tactically~*~*~ (stealth).
 20836 | Orc:1    | 20836 ||| Stepping ~*~*~tactically~*~*~ (stealth).
 20840 | Orc:1    | 20840 ||| DRINKING 10 potions of curing.
 20840 | Orc:1    | 20840 ||| (to cure confusion)
 20890 | Orc:2    | Entered Level 2 of the Orcish Mines
 20891 | Orc:2    | 20891 ||| INVOKING Heroism.
 20895 | Orc:2    | Noticed an orc warlord
 20896 | Orc:2    | 20896 ||| Stepping ~*~*~tactically~*~*~ (outnumbered).
 20897 | Orc:2    | 20897 ||| Stepping ~*~*~tactically~*~*~ (outnumbered).
 20898 | Orc:2    | 20898 ||| Stepping ~*~*~tactically~*~*~ (outnumbered).
 20919 | Orc:2    | HP: 30/154 [orc warlord/+2 vorpal great sword (26)]
 20920 | Orc:2    | 20920 ||| READING 4 scrolls of teleportation.
 20920 | Orc:2    | HP: 7/154 [orc warlord/+2 vorpal great sword (16)]
 20920 | Orc:2    | Mangled by an orc warrior

Levels and vault maps discovered:
D:1:      dpeg_arrival_court, layout_loops_cross,
          ebering_ecumenical_altar_sacrificial, reono_crystal_passage
D:2:      layout_basic
D:3:      layout_rooms, grunt_temple_overflow_open,
          gammafunk_ghost_gnarly_gnolls, cheibrodos_sewer_entry_drain,
          serial_corexii_hall, corexii_hall_statues_l, chequers_hall_statues_y,
          corexii_hall_statues_s, corexii_hall_statues_t, uniq_terence
D:4:      layout_basic, makhleb_altar_promises_db,
          minmay_temple_entry_sparse_star, kennysheep_donut
D:5:      layout_basic, minmay_misc_feat_doors, uniq_pikel
D:6:      layout_cave_pools
D:7:      layout_basic, uniq_menkaure
D:8:      layout_gridville, enter_bailey_8, uniq_grum
D:9:      layout_loops_corners, mainiacjoe_overflow_brackets, serial_shops,
          shop, uniq_erica
D:10:     layout_loops_cross, nicolae_concentric_dashed_squares_wild,
          uniq_psyche, uniq_erolcha
D:11:     layout_basic, lair_entry_dummy, grunt_ministairs_11
D:12:     layout_roguey, serial_shops, shop, minivault_12
D:13:     layout_loops_ring, serial_bayou_pond_b
D:14:     layout_loops_ring, david_vaults_1, good_gods_temple_1,
          kennysheep_okawaru_gauntlet
D:15:     grunt_enter_depths_hoard, layout_basic,
          nicolae_dithmenos_through_a_glass_darkly, abandoned_shop,
          minivault_13, uniq_azrael, uniq_rupert
Lair:1:   layout_regular_city
Lair:2:   layout_cave_pods, swamp_mist_pool, hellmonk_spider_entry_not_the_bees,
          maelrawn_ghost_gauntlet_escape
Lair:3:   layout_small_grid, basic_altar, nicolae_lair_lakeside_cave
Lair:4:   layout_misc_corridors, slime_entry_1, grunt_megastairs_2
Lair:5:   grunt_lair_end_beastmaster, layout_cave_pods,
          nicolae_volcano_entry_hallway
Orc:1:    layout_diamond_mine, nooodl_orcs_dogs
Orc:2:    st_orc_town, layout_diamond_mine, elves_outpost_lemuel

Skill      XL: |  1  2  3  4  5  6  7  8  9 10 11 12 13 14 15 |
---------------+----------------------------------------------+-----
Unarmed Combat | 4 5 6 8 9 10 12 14 16 18 19 | 19.8
Fighting       | 3 5 6 7 8 9 |  9.0
Dodging        | 1 2 |  2.0
Throwing       | 2 4 5 7 8 |  8.0
Armour         | 1 2 |  2.0
Invocations    | 4 6 10 | 10.0
Shields        | 4 9 |  9.5
Spellcasting   | |  1.0
Fire Magic     | |  2.1

Action                   |  1- 3 |  4- 6 |  7- 9 | 10-12 | 13-15 || total
-------------------------+-------+-------+-------+-------+-------++-------
Melee: Unarmed           |    86 |   101 |   163 |   396 |   694 ||  1440
       Punch             |     1 |     3 |     9 |    26 |    33 ||    72
Throw: Javelin           |       |       |    12 |    91 |    21 ||   124
       Boomerang         |       |       |       |    51 |    43 ||    94
       Large rock        |       |       |       |       |    97 ||    97
Invok: Fiery Armour      |       |     1 |     6 |     7 |       ||    14
       Heroism           |       |       |       |    13 |    45 ||    58
       Finesse           |       |       |       |       |    11 ||    11
  Use: Scroll            |     6 |     7 |     6 |    10 |     7 ||    36
       Potion            |       |     3 |     2 |     2 |     3 ||    10
 Stab: Sleeping          |       |       |       |       |     1 ||     1
       Confused          |       |       |       |       |     1 ||     1
Armor: Robe              |    23 |    15 |    57 |    72 |       ||   167
       Troll leather arm |       |       |       |    68 |   195 ||   263
       Fire dragon scale |       |       |       |       |    38 ||    38
Dodge: Dodged            |    32 |    25 |    56 |   133 |   149 ||   395
Block: Other             |    11 |    14 |    25 |    75 |    57 ||   182
       Reflection        |     1 |     3 |     1 |     4 |    14 ||    23
       Kite shield       |       |       |       |       |    32 ||    32
       Tower shield      |       |       |       |       |   186 ||   186

Table legend:
 A = Non-vault XP
 B = Vault XP
 C = Vault XP percentage of total XP
 D = Non-vault monster count
 E = Vault monster count
 F = Vault count percentage of total count
                 A         B        C        D         E       F
            +---------+---------+-------+---------+---------+-------
      Total |   96360 |   34748 |  26.5 |     457 |     114 |  20.0
            +---------+---------+-------+---------+---------+-------
        D:1 |      26 |       0 |   0.0 |      13 |       0 |   0.0
        D:2 |      53 |       0 |   0.0 |      20 |       0 |   0.0
        D:3 |     177 |      39 |  18.1 |      19 |       3 |  13.6
        D:4 |     377 |       0 |   0.0 |      11 |       0 |   0.0
        D:5 |    1003 |     673 |  40.2 |      15 |       1 |   6.2
        D:6 |     742 |       0 |   0.0 |      16 |       0 |   0.0
        D:7 |    1158 |     172 |  12.9 |      20 |       1 |   4.8
        D:8 |    2256 |     401 |  15.1 |      29 |       3 |   9.4
        D:9 |    2619 |     834 |  24.2 |      33 |       1 |   2.9
       D:10 |    4511 |    1219 |  21.3 |      24 |       2 |   7.7
       D:11 |    3372 |    1251 |  27.1 |      16 |       2 |  11.1
       D:12 |    4738 |       0 |   0.0 |      12 |       0 |   0.0
       D:13 |    4264 |    3184 |  42.7 |       9 |       6 |  40.0
       D:14 |   17679 |    2532 |  12.5 |      28 |       8 |  22.2
       D:15 |   12598 |    4523 |  26.4 |      26 |       6 |  18.8
     Lair:1 |    5791 |       0 |   0.0 |      23 |       0 |   0.0
     Lair:2 |    8625 |     485 |   5.3 |      24 |       4 |  14.3
     Lair:3 |    3963 |    6795 |  63.2 |      18 |      19 |  51.4
     Lair:4 |    7465 |     977 |  11.6 |      26 |       6 |  18.8
     Lair:5 |   11266 |   10620 |  48.5 |      37 |      21 |  36.2
      Orc:1 |    1955 |     943 |  32.5 |      26 |      12 |  31.6
      Orc:2 |    1722 |       0 |   0.0 |      12 |       0 |   0.0
      Sewer |       0 |     100 | 100.0 |       0 |      19 | 100.0
            +---------+---------+-------+---------+---------+-------
